 Dungeon Crawl Stone Soup version 0.27.1-34-g3ba077fa99 (webtiles) character file.

Game seed: 8936880098333747896

189 sankara the Cudgeller (level 5, 0/45 HPs)
             Began as a Minotaur Fighter on Jan 18, 2022.
             Slain by an ogre (23 damage)
             ... on level 4 of the Dungeon.
             The game lasted 00:05:53 (2776 turns).

sankara the Cudgeller (Minotaur Fighter)            Turns: 2776, Time: 00:05:54

Health: 0/45       AC:  8    Str: 20    XL:     5   Next: 40%
Magic:  4/4        EV:  7    Int:  5    God:
Gold:   86         SH:  9    Dex: 11    Spells: 4/4 levels left

rFire    . . .     SeeInvis .   a - +0 whip
rCold    . . .     Faith    .   c - +0 kite shield
rNeg     . . .     Spirit   .   b - +0 scale mail
rPois    .         Reflect  .   (helmet restricted)
rElec    .         Harm     .   o - +0 cloak
rCorr    +         Rampage  .   (no gloves)
Will     +....                  (no boots)
Stlth    ..........             (no amulet)
HPRegen  0.15/turn              l - ring of resist corrosion
MPRegen  0.09/turn              u - ring of willpower

@: no status effects
A: horns 2, retaliatory headbutt
a: no special abilities


You were on level 4 of the Dungeon.
You visited 1 branch of the dungeon, and saw 4 of its levels.

You collected 86 gold pieces.

Inventory:

Hand Weapons
 a - a +0 whip (weapon)
 s - a +0 hunting sling
 w - a +0 flail
Missiles
 f - 50 stones
 m - 3 poisoned darts (quivered)
Armour
 b - a +0 scale mail (worn)
 c - a +0 kite shield (worn)
 o - a +0 cloak (worn)
Jewellery
 l - a ring of resist corrosion (left hand)
 u - a ring of willpower (right hand)
Scrolls
 e - 2 scrolls of vulnerability {unknown}
 g - 2 scrolls of fog {unknown}
 h - a scroll of fear {unknown}
 i - 2 scrolls of brand weapon {unknown}
 j - a scroll of blinking {unknown}
 k - 2 scrolls of identify {unknown}
 n - a scroll of magic mapping {unknown}
 p - a scroll of enchant weapon {unknown}
 q - a scroll of enchant armour {unknown}
 v - a scroll of immolation {unknown}
Potions
 d - a potion of might
 r - 3 potions of flight {unknown}
 t - a potion of invisibility {unknown}


   Skills:
 - Level 3.6 Fighting
 * Level 5.1 Maces & Flails
 + Level 4.8 Armour
 + Level 4.8 Shields


You had 4 spell levels left.
You didn't know any spells.
Your spell library contained the following spells:

 Spells                   Type           Power      Damage    Failure   Level
 Freeze                   Ice            0%         1d3       99%         1
 Magic Dart               Conj           0%         1d3       99%         1
 Call Imp                 Summ           0%         N/A       100%        2
 Frozen Ramparts          Ice            0%         1d2       100%        3
 Mephitic Cloud           Conj/Pois/Air  0%         N/A       100%        3
 Hailstorm                Conj/Ice       0%         3d3       100%        4
 Blade Hands              Tmut           0%         N/A       100%        5
 Irradiate                Conj/Tmut      0%         3d14      100%        5
 Dragon Form              Tmut           0%         N/A       100%        7


Dungeon Overview and Level Annotations

Branches:
Dungeon (4/15)
 Temple: D:4-7

Altars:
Nemelex Xobeh
Zin


Innate Abilities, Weirdness & Mutations

You have a pair of horns on your head.
You reflexively headbutt those who attack you in melee.


Message History

a +0 halberd; 13 gold pieces; a gnoll corpse
Things that are here:
a +0 halberd; 13 gold pieces; a gnoll corpse Throw: 8 darts (poison)
Press: ? - help, Q - select action, (/) - cycle Shift-Dir - straight line, f - ogre
Aim: an ogre, wielding a +0 giant spiked club (72% to hit)
You throw a poisoned dart. The poisoned dart hits the ogre.
Throw: 7 darts (poison)
Press: ? - help, Q - select action, (/) - cycle Shift-Dir - straight line, f/p - ogre
Aim: an ogre, wielding a +0 giant spiked club (72% to hit)
You throw a poisoned dart.
The poisoned dart barely misses the ogre.
Throw: 6 darts (poison)
Press: ? - help, Q - select action, (/) - cycle Shift-Dir - straight line, f/p - ogre
Aim: an ogre, wielding a +0 giant spiked club (72% to hit)
You throw a poisoned dart. The poisoned dart hits the ogre.
The ogre is poisoned.
You block the ogre's attack.
The ogre looks more healthy.
Throw: 5 darts (poison)
Press: ? - help, Q - select action, (/) - cycle Shift-Dir - straight line, f/p - ogre
Aim: an ogre, wielding a +0 giant spiked club (lightly wounded, 72% to hit)
You throw a poisoned dart. The poisoned dart hits the ogre.
The ogre is poisoned.
The ogre is lightly wounded.
You block the ogre's attack.
An orc priest comes into view. It is wielding a +1 mace of holy wrath.
The ogre looks more healthy.
The orc priest calls down the wrath of Beogh upon you.
Beogh smites you!
Throw: 4 darts (poison)
Press: ? - help, Q - select action, (/) - cycle Shift-Dir - straight line, f/p - ogre
Aim: an ogre, wielding a +0 giant spiked club (moderately wounded, 72% to hit)
You throw a poisoned dart. The poisoned dart hits the ogre.
The ogre is poisoned.
The ogre is moderately wounded.
The orc priest looks braver for a moment.
The ogre hits you with a +0 giant spiked club!!
Ouch! That really hurt!
You die...

#.##.# #.# #.####.#. #.##.# #.#
#.# #...(..#. #####.##.# #.# #.#
#.######. ...))....# #.# #.# #.#
#. .####.#### #.# #.# #.# #. .#
#.# #[# #.# #.# #. .#
#.######.####.## ####.######
.####.##.......#...###.o........#
......##.#>.....@O(.......######.
.............#.#...###.##.#
########.#................#
#.#####.############ # #.# ..#
####


You could see an ogre (poisoned) and an orc priest.

Vanquished Creatures
  A gnoll shaman (D:4)
  6 adders
  5 gnolls (D:4)
  2 worms
  A dart slug (D:3)
  8 ball pythons
  4 bats
  7 endoplasms
  A giant cockroach (D:1)
  A goblin (D:1)
  A hobgoblin (D:2)
  6 jackals
  5 kobolds
  2 frilled lizards (D:3)
  2 rats (D:1)
52 creatures vanquished.

Notes
Turn   | Place    | Note
-------+----------+-------------------------------------------
     0 | D:1      | sankara the Minotaur Fighter began the quest for the Orb.
     0 | D:1      | Reached XP level 1. HP: 19/19 MP: 0/0
   129 | D:1      | Reached XP level 2. HP: 22/26 MP: 1/1
   134 | D:1      | Reached skill level 3 in Maces & Flails
   855 | D:2      | HP: 1/26 [adder (2)]
   859 | D:2      | Reached XP level 3. HP: 2/31 MP: 2/2
  1215 | D:2      | Found a sparkling altar of Nemelex Xobeh.
  1701 | D:3      | Reached skill level 4 in Maces & Flails
  1835 | D:3      | Reached XP level 4. HP: 39/39 MP: 3/3
  1881 | D:3      | Found a glowing silver altar of Zin.
  2341 | D:4      | Reached XP level 5. HP: 29/45 MP: 4/4
  2350 | D:4      | Reached skill level 5 in Maces & Flails
  2736 | D:4      | Noticed an ogre
  2776 | D:4      | Slain by an ogre

Illustrated notes

Levels and vault maps discovered:
D:1:      lightli_arrival_lavapool, layout_basic, minmay_fountain_box
D:2:      minmay_wonky_spiral, layout_rooms, basic_altar,
          kennysheep_generic_room_10
D:3:      layout_loops_ring, mainiacjoe_overflow_tiny_flanked
D:4:      layout_loops_ring, minivault_26, kennysheep_small_square

Skill      XL: |  1  2  3  4  5 |
---------------+----------------+-----
Maces & Flails | 3 4 5 |  5.1
Shields        | 4 |  4.8
Armour         | 4 |  4.8
Fighting       | |  3.6

Action                   |  1- 3 |  4- 6 || total
-------------------------+-------+-------++-------
Melee: Flail             |    88 |    37 ||   125
       Headbutt          |     8 |    13 ||    21
       Whip              |       |    15 ||    15
Throw: Dart              |       |     6 ||     6
  Use: Potion            |     1 |       ||     1
Armor: Scale mail        |    56 |    28 ||    84
Dodge: Dodged            |    40 |    11 ||    51
Block: Kite shield       |    51 |    27 ||    78
